 Dungeon Crawl Stone Soup version 0.13.0-19-g8e0b589 (webtiles) character file.

153 Requiem the Chopper (level 4, -3/54 HPs)
             Began as a Vampire Berserker on Oct 24, 2013.
             Was a Follower of Trog.
             Slain by Crazy Yiuf
             ... wielding a +4,+2 quarterstaff of chaos
              (19 damage)
             ... on Level 2 of the Dungeon.
             The game lasted 00:01:56 (1189 turns).

Requiem the Chopper (Vampire Berserker)             Turns: 1189, Time: 00:01:57

HP  -3/54        AC 10     Str 22      XL: 4   Next: 86%
MP   0/4         EV  7     Int  9      God: Trog [*.....]
Gold 25          SH  0     Dex 13      Spells:  0 memorised,  3 levels left

Res.Fire  : . . .   See Invis. : +   a - +0 hand axe {=f}
Res.Cold  : + . .   Warding    : .   o - +1 chain mail {rC+}
Life Prot.: . . .   Conserve   : .   (no shield)
Res.Poison: .       Res.Corr.  : .   (no helmet)
Res.Elec. : .       Clarity    : .   m - +0 cloak
Sust.Abil.: . .     Spirit.Shd : .   (no gloves)
Res.Mut.  : .       Stasis     : .   (no boots)
Res.Rott. : .       Flight     : .   (no amulet)
Saprovore : . . .                    (no ring)
                                     (no ring)

@: regenerating quickly, berserking, slowed, slightly resistant to hostile
enchantments, extremely unstealthy
A: fangs 3, see invisible, unbreathing
a: Burn Spellbooks, Berserk, Renounce Religion


You were on level 2 of the Dungeon.
You worshipped Trog.
Trog was aware of your devotion.
You were very full.

You visited 1 branch of the dungeon, and saw 2 of its levels.

You collected 5 gold pieces.

Inventory:

Hand weapons
 a - a +0,+0 hand axe (weapon) {=f}
Armour
 m - a +0 cloak (worn)
 o - a +1 chain mail of cold resistance (worn)
Magical devices
 b - a wand of enslavement (12) {unknown}
 n - a wand of slowing (0)
 p - a wand of enslavement (13) {unknown}
Scrolls
 c - a scroll of remove curse {unknown}
 d - a scroll of teleportation {unknown}
 e - 2 scrolls of enchant armour {unknown}
 g - a scroll of enchant weapon I {unknown}
 j - 5 scrolls of identify {unknown}
 k - 3 scrolls of curse armour {unknown}
Potions
 f - 2 potions of degeneration {unknown}
 h - a potion of heal wounds {unknown}
 l - a potion of agility {unknown}


   Skills:
 + Level 3.4 Fighting
 * Level 4.0 Axes
 + Level 2.0 Armour
 + Level 2.8 Dodging


You had 3 spell levels left.
You didn't know any spells.

Dungeon Overview and Level Annotations

Branches:
Dungeon (2/27)

Altars:

Annotations:
D:2 Crazy Yiuf


Innate Abilities, Weirdness & Mutations

Your natural rate of healing is unusually fast.
You have razor-sharp teeth.*
You have supernaturally acute eyesight.
You can survive without breathing.*


Message History

Crazy Yiuf hits you with a quarterstaff of chaos.
You feel your power leaking away.
You hit Crazy Yiuf but do no damage. Your bite misses Crazy Yiuf.
Crazy Yiuf is moderately wounded.
Crazy Yiuf completely misses you.
You hit Crazy Yiuf.
Crazy Yiuf is heavily wounded.
Crazy Yiuf hits you with a quarterstaff of chaos.
You are electrocuted!
You closely miss Crazy Yiuf. You bite Crazy Yiuf.
Crazy Yiuf is almost dead.
You closely miss Crazy Yiuf.
Crazy Yiuf is almost dead.
Crazy Yiuf hits you with a quarterstaff of chaos.
You hit Crazy Yiuf.
Crazy Yiuf is almost dead.
Crazy Yiuf hits you with a quarterstaff of chaos.
* * * LOW HITPOINT WARNING * * *
You are electrocuted!
You die...

..###..#####.#.#
#.# #.# #.#
.....>.......#.#
#.# #.# #.#
.......#######.#
#.# ###.# #.#
######.# #.# #.#
#...###.# #.# ###
### ####.##.#
#.#####♣♣♣♣♣♣
#....#
#....##♣♣♣♣♣♣♣♣
#.####
##.##.#..♣.♣♣♣#
### #.#......♣@g♣#
#.....f.♣♣♣♣.....#
###..#.♣♣♣♣♣♣#..)#
####♣♣♣♣ ### #♣♣♣
##### ....#### ###
.......# ####.#
.##.##.# #....#


You could see Crazy Yiuf.

Vanquished Creatures
  A jellyfish (D:2)
  A big fish (D:2)
  Jessica (D:2)
  Terence (D:2)
  An adder (D:2)
  5 bats
  A giant cockroach (D:2)
  4 goblins
  4 hobgoblins
  3 kobolds
  A ball python (D:2)
  3 rats
26 creatures vanquished.

Notes
Turn   | Place    | Note
--------------------------------------------------------------
     0 | D:1      | Requiem, the Vampire Berserker, began the quest for the Orb.
     0 | D:1      | Reached XP level 1. HP: 18/18 MP: 1/1
   291 | D:1      | Reached skill level 3 in Axes
   291 | D:1      | Reached XP level 2. HP: 21/24 MP: 2/2
   801 | D:2      | Reached XP level 3. HP: 30/30 MP: 3/3
   826 | D:2      | Noticed Jessica
   836 | D:2      | Killed Jessica
   960 | D:2      | Noticed a jellyfish
  1003 | D:2      | Noticed Terence
  1029 | D:2      | Killed Terence
  1079 | D:2      | Killed a jellyfish
  1079 | D:2      | Reached XP level 4. HP: 26/36 MP: 4/4
  1092 | D:2      | Reached skill level 4 in Axes
  1178 | D:2      | Noticed Crazy Yiuf
  1189 | D:2      | Slain by Crazy Yiuf

Action                   |  1- 3 |  4- 6 || total
-------------------------+-------+-------++-------
Melee: Hand axe          |   106 |    24 ||   130
Invok: Berserk           |       |     1 ||     1
  Use: Potion            |     1 |       ||     1
